 Dungeon Crawl Stone Soup version 0.28-a0-730-g892d06dc2c (webtiles) character file.

Game seed: 7530145737883094319

72 cheechan the Chopper (level 4, -7/40 HPs)
             Began as a Naga Gladiator on Oct 28, 2021.
             Mangled by Crazy Yiuf (16 damage)
             ... on level 3 of the Dungeon.
             The game lasted 00:06:49 (1931 turns).

cheechan the Chopper (Naga Gladiator)               Turns: 1931, Time: 00:06:50

Health: -7/40      AC:  4    Str: 17    XL:     4   Next: 26%
Magic:  4/4        EV: 10    Int:  8    God:
Gold:   60         SH:  0    Dex: 13    Spells: 3/3 levels left

rFire   . . .      SeeInvis +   f - +2 mace (holy)
rCold   . . .      Faith    .   (no shield)
rNeg    . . .      Spirit   .   b - +0 leather armour
rPois   +          Reflect  .   c - +0 helmet
rElec   .          Harm     .   (no cloak)
rCorr   .          Rampage  .   (no gloves)
Will    .....                   (no barding)
Stlth   +.........              (no amulet)
HPRegen 0.13/turn               (no ring)
MPRegen 0.09/turn               (no ring)

@: very slow
A: AC +1, large, see invisible, deformed body, poison resistance, slowness 2,
spit poison 1, naga tail 1
a: Spit Poison


You were on level 3 of the Dungeon.
You visited 1 branch of the dungeon, and saw 3 of its levels.

You collected 60 gold pieces.

Inventory:

Hand Weapons
 a - a +0 war axe
 f - a +2 mace of holy wrath (weapon)
 i - a +0 hand axe
 n - a +1 dagger of protection
 p - a +0 hunting sling
Missiles
 d - 3 throwing nets
 h - 52 arrows
 m - 43 stones
 q - 54 sling bullets
 r - 16 poisoned darts
Armour
 b - a +0 leather armour (worn)
 c - a +0 helmet (worn)
Potions
 e - a potion of brilliance
 g - a potion of magic {unknown}
 j - a potion of berserk rage {unknown}
 k - a potion of attraction {unknown}
 l - 4 potions of heal wounds {unknown}
 o - a potion of curing {unknown}


   Skills:
 + Level 2.4 Fighting
 + Level 3.2(3.4) Axes
 + Level 1.1(2.4) Maces & Flails
 + Level 1.8 Throwing
 + Level 1.0 Armour
 + Level 3.1 Dodging
 + Level 0.4 Stealth


You had 3 spell levels left.
You didn't know any spells.
Your spell library was empty.

Dungeon Overview and Level Annotations

Branches:
Dungeon (3/15)

Altars:

Shops:
D:1 (   D:3 (

Annotations:
D:3 Crazy Yiuf


Innate Abilities, Weirdness & Mutations

Your serpentine skin is tough. (AC +1)
You have supernaturally acute eyesight. (SInv)
Armour fits poorly on your strangely shaped body.
Your system is resistant to poisons. (rPois)
You cover ground very slowly.
You can spit poison.
You have a snake-like lower body.


Message History

You see here a rat corpse.
Found a mace.
Found a runed translucent door.
Crazy Yiuf shouts!
Crazy Yiuf screams, "Tosser!"
You open the door.
Crazy Yiuf laughs, "Island!"
Abil: Spit Poison
Press: ? - help, Q - select action, (/) - cycle Shift-Dir - straight line, f - Crazy Yiuf
Aim: Crazy Yiuf, wielding a +4 quarterstaff of chaos, wearing a +0 cloak and carrying a wand of flame (10)
The splash of poison hits Crazy Yiuf but does no damage.
Crazy Yiuf is poisoned.
Crazy Yiuf closely misses you.
You hit Crazy Yiuf.
Crazy Yiuf is lightly wounded.
Crazy Yiuf closely misses you.
You hit Crazy Yiuf.
Crazy Yiuf is lightly wounded.
You have got your breath back.
Crazy Yiuf closely misses you.
Crazy Yiuf hits you with a +4 quarterstaff of chaos!
Crazy Yiuf burns you.
You completely miss Crazy Yiuf.
Crazy Yiuf is moderately wounded.
Crazy Yiuf says, "Hah!"
Crazy Yiuf zaps a wand.
The puff of flame hits you.
You hit Crazy Yiuf.
Crazy Yiuf is heavily wounded.
Crazy Yiuf hits you with a +4 quarterstaff of chaos.
Crazy Yiuf freezes you.
You sock Crazy Yiuf!
Crazy Yiuf is almost dead.
Crazy Yiuf hits you with a +4 quarterstaff of chaos!
Crazy Yiuf burns you.
* * * LOW HITPOINT WARNING * * *
You hit Crazy Yiuf but do no damage.
Crazy Yiuf is almost dead.
Crazy Yiuf looks more healthy.
Crazy Yiuf sings, "Trees, trees, trees, circus!"
Crazy Yiuf hits you with a +4 quarterstaff of chaos!
You die...

.# #..†.......#....#
#.# .#
#...............# #.#
.# #...............#
#.# .#
#...############# ###
.# #...# .#
#...##♣♣♣♣♣
.####.......♣.♣♣♣ ###
.............♣..♣#...#
..###.......♣♣♣♣@g...#
..###.....♣♣♣ ♣♣#..)#
..#.....##♣ ###
........# ###.#...#
#.#...# ###......
..#...... #.#...###


You could see Crazy Yiuf.

Vanquished Creatures
  An adder (D:2)
  4 dart slugs
  3 orcs (D:3)
  An endoplasm (D:3)
  2 giant cockroaches (D:1)
  7 hobgoblins
  9 kobolds
  2 quokkas
  4 ball pythons
  2 bats
  A frilled lizard (D:1)
  7 goblins
  9 rats
52 creatures vanquished.

Notes
Turn   | Place    | Note
-------+----------+-------------------------------------------
     0 | D:1      | cheechan the Naga Gladiator began the quest for the Orb.
     0 | D:1      | Reached XP level 1. HP: 19/19 MP: 1/1
    90 | D:1      | Found Upsu's Weapon Boutique.
   146 | D:1      | Reached XP level 2. HP: 6/26 MP: 2/2
   533 | D:1      | Reached XP level 3. HP: 27/32 MP: 3/3
  1331 | D:2      | Reached skill level 1 in Armour
  1442 | D:3      | Reached XP level 4. HP: 27/40 MP: 4/4
  1571 | D:3      | Found Pefiso Keti's Antique Weapon Boutique.
  1606 | D:3      | Reached skill level 1 in Maces & Flails
  1920 | D:3      | Found a runed translucent door.
  1921 | D:3      | Noticed Crazy Yiuf
  1931 | D:3      | Mangled by Crazy Yiuf

Illustrated notes

Levels and vault maps discovered:
D:1:      dpeg_arrival_yet_another_circle, layout_loops_ring, serial_shops,
          shop, dk_noncrumbling_4
D:2:      kb_forest_paths, layout_basic, skrybe_limestone_x
D:3:      minmay_chambers_of_twos, layout_basic, serial_shops,
          nicolae_shop_statue_plus, uniq_crazy_yiuf_cottage

Skill      XL: |  1  2  3  4 |
---------------+-------------+-----
Dodging        | 3 |  3.1
Armour         | 1 |  1.0
Maces & Flails | 1 |  1.1
Fighting       | |  2.4
Axes           | |  3.2
Throwing       | |  1.8
Stealth        | |  0.4

Action                   |  1- 3 |  4- 6 || total
-------------------------+-------+-------++-------
Melee: Mace              |   114 |    24 ||   138
       War axe           |     5 |       ||     5
 Abil: Spit Poison       |     4 |     5 ||     9
  Use: Scroll            |     6 |     1 ||     7
Armor: Leather armour    |    57 |    13 ||    70
Dodge: Dodged            |    72 |    24 ||    96

Table legend: (Time is in decaauts)
 A = Elapsed time spent in this place.
 B = Non-inter-level travel time spent in this place.
 C = Inter-level travel time spent in this place.
 D = Time resting spent in this place.
 E = Time spent auto-exploring this place.
 F = Levels seen in this place.
 G = Mean time per level.
                   A        B        C        D        E       F      G
               +--------+--------+--------+--------+--------+-----+--------+
         Total |   2621 |   2621 |      0 |     98 |      0 |   3 |  873.7 |
       Dungeon |   2621 |   2621 |      0 |     98 |      0 |   3 |  873.7 |
               +--------+--------+--------+--------+--------+-----+--------+

Top non-repeatable levels by time:
     D:1: 1307 daAuts
     D:3: 680 daAuts
     D:2: 633 daAuts
